Jets vs Red Wings
(R1)
Created - February 25, 2018 at 19:02
Goals
|
Jets |
2 |
2 |
2 |
6 |
Red Wings |
1 |
1 |
2 |
4 |
|
Shots
|
Jets |
12 |
14 |
10 |
36 |
Red Wings |
18 |
7 |
14 |
39 |
|
1st period
1. Jets , Devin Setoguchi 14 (Alexander Frolov 22, Derek Stepan 32) at 0:22
2. Red Wings , Mike Richards 21 (Sean Bergenheim 25, Ole-Kristian Tollefsen 22) at 2:28 (PP)
3. Jets , Marcus Johansson 10 (Lee Stempniak 14, Kari Lehtonen) at 14:55
Penalties :
Derek Roy (Win) for Hooking (Minor) at 2:11, Alexander Frolov (Win) for Delaying the game (Minor) at 5:39, Benoit Pouliot (Win) for Hooking (Minor) at 18:40
2nd period
4. Jets , Josh Bailey 4 (Lee Stempniak 15) at 7:48
5. Red Wings , Phil Kessel 24 (Rick Nash 32) at 9:55
6. Jets , Devin Setoguchi 15 (Shea Weber 14, Alexander Frolov 23) at 12:28
Penalties :
Derek Roy (Win) for Holding Stick (Minor) at 15:46
3rd period
7. Red Wings , Tyler Johnson 22 (Phil Kessel 28, Adam Henrique 23) at 1:28 (PP)
8. Jets , Joe Colborne 10 (Marco Scandella 30) at 10:49
9. Red Wings , Oleg Saprykin 2 (Filip Kuba 17, Ales Hemsky 9) at 12:22
10. Jets , Erik Haula 5 (Tyler Myers 19, Derek Roy 42) at 19:57 (Empty Net)
Penalties :
Devin Setoguchi (Win) for Holding (Minor) at 0:54, Anton Volchenkov (Win) for Tripping (Minor) at 3:08, Theo Peckham (Det) for Hooking (Minor) at 5:33, Benoit Pouliot (Win) for Interference (Minor) at 14:29
Goalie Stats
Kari Lehtonen (Win), 35 saves from 39 shots - (0.897), W, 19-10-2, 60:00 minutes
Michal Neuvirth (Det), 30 saves from 35 shots - (0.857), L, 35-9-3, 59:29 minutes
Players Stats for Jets
Player Name G A P +/- PIM S H SB GA TA FO MP PP MP PK MP
------------------------------------------------------------------------------------
Alexander Frolov 0 2 2 2 2 2 2 1 1 0 0/1 21:16 0:49 4:51
Anton Volchenkov 0 0 0 0 2 1 5 0 0 0 0/0 18:22 0:00 2:44
Benoit Pouliot 0 0 0 0 4 4 2 1 2 1 0/0 18:25 1:10 1:51
Derek Roy 0 1 1 1 4 0 3 0 1 0 9/26 18:40 1:10 1:16
Derek Stepan 0 1 1 1 0 1 0 0 0 0 5/14 15:30 0:49 0:23
Devin Setoguchi 2 0 2 1 2 4 1 0 0 1 0/1 15:12 0:49 0:00
Dustin Brown 0 0 0 0 0 4 1 1 0 0 1/2 20:08 1:10 3:43
Eric Gelinas 0 0 0 1 0 1 1 1 1 2 0/0 14:39 0:37 0:53
Erik Haula 1 0 1 3 0 1 1 1 0 0 6/13 13:11 0:00 6:25
James Wright 0 0 0 2 0 1 1 0 0 0 1/5 5:12 0:00 0:00
Joe Colborne 1 0 1 0 0 2 1 2 0 1 6/7 13:51 0:00 2:40
Josh Bailey 1 0 1 2 0 2 0 0 0 0 0/0 5:12 0:00 0:00
Justin Falk 0 0 0 0 0 2 1 0 0 2 0/0 13:50 0:00 0:00
Lee Stempniak 0 2 2 0 0 1 2 0 2 0 0/0 10:56 0:00 0:00
Marco Scandella 0 1 1 2 0 1 0 4 1 0 0/0 26:59 1:22 7:09
Marcus Johansson 1 0 1 0 0 4 0 0 0 0 0/0 11:26 0:00 0:23
Shea Weber 0 1 1 3 0 3 1 2 0 4 0/0 23:55 0:37 3:37
Tyler Myers 0 1 1 2 0 2 1 2 0 1 0/0 22:23 1:22 7:09
Players Stats for Red Wings
Player Name G A P +/- PIM S H SB GA TA FO MP PP MP PK MP
------------------------------------------------------------------------------------
Adam Henrique 0 1 1 -2 0 0 1 0 0 0 0/0 19:35 4:10 0:00
Ales Hemsky 0 1 1 1 0 4 0 0 0 0 0/0 8:29 0:21 0:00
Alex Picard 0 0 0 -1 0 2 0 0 1 0 0/0 9:29 0:00 0:00
Brent Seabrook 0 0 0 -1 0 5 3 2 1 2 0/0 25:51 6:49 1:06
Chris Kelly 0 0 0 0 0 1 0 0 0 0 0/2 8:35 0:21 0:00
Filip Kuba 0 1 1 -1 0 1 1 2 0 1 0/0 14:31 0:31 1:06
Jiri Fischer 0 0 0 -1 0 1 2 1 2 0 0/0 23:24 3:26 0:53
Mike Richards 1 0 1 -2 0 4 2 0 1 0 15/22 21:09 6:15 0:00
Nate Thompson 0 0 0 1 0 1 0 0 0 0 5/6 6:58 0:00 0:00
Nino Niederreiter 0 0 0 -1 0 0 3 0 0 0 0/3 11:11 0:24 0:52
Oleg Saprykin 1 0 1 1 0 1 0 0 0 0 0/0 8:10 0:00 1:07
Ole-Kristian Tollefsen 0 1 1 -2 0 2 2 2 0 1 0/0 23:03 7:18 0:53
Phil Kessel 1 1 2 -3 0 5 1 0 0 0 3/3 20:37 4:10 0:00
Philip Samuelsson 0 0 0 -2 0 0 2 0 1 1 0/0 20:17 3:28 0:00
Rick Nash 0 1 1 -2 0 3 0 0 3 0 7/13 22:01 6:15 0:52
Sean Bergenheim 0 1 1 -2 0 6 1 0 2 2 2/2 20:51 6:12 0:00
Theo Peckham 0 0 0 -1 2 0 1 1 0 0 0/0 12:58 0:00 0:00
Tyler Johnson 1 0 1 -2 0 3 2 1 1 1 9/18 20:51 4:10 1:07
3 Stars
1 - Devin Setoguchi (Win)
2 - Erik Haula (Win)
3 - Josh Bailey (Win)
Power Play
Jets - 0 on 1 Attempt(s) - 0.00%
Red Wings - 2 on 7 Attempt(s) - 28.57%
Penalty Kill
Jets - 5 on 7 Attempt(s) - 71.43%
- Score 0 goal in Penalty Kill
Red Wings - 1 on 1 Attempt(s) - 100.00%
- Score 0 goal in Penalty Kill
Team Stat
Jets - Hits : 23 - Faceoff Wins : 28 - Blocked Shots : 15 - Penalty Minutes : 14
Red Wings - Hits : 21 - Faceoff Wins : 41 - Blocked Shots : 9 - Penalty Minutes : 2
Official
Referees : StLaurent Francois and Auger Stephane
Linesman : Michel Cormier and Vaughan Rody
Game Notes
Erik Haula has scored in a empty net!
Finance
Level 1 -- Attendance: 5715 (95.25%) -- Ticket Income $497,205
Level 2 -- Attendance: 4034 (80.68%) -- Ticket Income $233,972
Level 3 -- Attendance: 1488 (74.40%) -- Ticket Income $59,520
Level 4 -- Attendance: 3401 (85.03%) -- Ticket Income $98,629
Luxury Box -- Attendance: 751 (75.10%) -- Ticket Income $126,168
Game was played at the Joe Louis Arena.
Total Attendance: 15389 (85.49%)
Total Ticket Income: $1,015,494
Other Income: $152,324
Total Income: $1,167,818
Jets
5 vs 5 Forward
Center Left Wing Right Wing Time % Phy DF OF
1 Derek Roy Benoit Pouliot Dustin Brown 35 1 2 2
2 Derek Stepan Alexander Frolov Devin Setoguchi 30 1 2 2
3 Joe Colborne Marcus Johansson Lee Stempniak 23 0 3 2
4 James Wright Erik Haula Josh Bailey 12 1 2 2
5 vs 5 Defense
Defense Defense Time % Phy DF OF
1 Shea Weber Marco Scandella 40 1 3 1
2 Tyler Myers Eric Gelinas 30 1 2 2
3 Anton Volchenkov Justin Falk 25 1 2 2
4 Shea Weber Tyler Myers 5 1 2 2
PowerPlay Forward
Center Left Wing Right Wing Time % Phy DF OF
1 Derek Roy Benoit Pouliot Dustin Brown 60 1 0 4
2 Derek Stepan Alexander Frolov Devin Setoguchi 40 1 0 4
PowerPlay Defense
Defense Defense Time % Phy DF OF
1 Marco Scandella Tyler Myers 60 1 1 3
2 Eric Gelinas Shea Weber 40 0 1 4
Penalty Kill 4 Players Forward
Center Wing Time % Phy DF OF
1 Erik Haula Alexander Frolov 60 1 2 2
2 Joe Colborne Dustin Brown 40 1 2 2
Penalty Kill 4 Players Defense
Defense Defense Time % Phy DF OF
1 Tyler Myers Marco Scandella 60 1 2 2
2 Shea Weber Anton Volchenkov 40 1 2 2
Penalty Kill - 3 Players Forward
Forward Time % Phy DF OF
1 Erik Haula 60 1 2 2
2 Alexander Frolov 40 1 2 2
Penalty Kill - 3 Players Defense
Defense Defense Time % Phy DF OF
1 Shea Weber Tyler Myers 60 1 2 2
2 Marco Scandella Anton Volchenkov 40 1 2 2
4 vs 4 Forward
Center Wing Time % Phy DF OF
1 Derek Stepan Dustin Brown 60 1 2 2
2 Derek Roy Benoit Pouliot 40 1 2 2
4 vs 4 Defense
Defense Defense Time % Phy DF OF
1 Marco Scandella Tyler Myers 60 1 2 2
2 Shea Weber Eric Gelinas 40 1 2 2
Last Minutes Offensive
Center Left Wing Right Wing Defense Defense
Derek Roy Benoit Pouliot Dustin Brown Marco Scandella Shea Weber
Last Minutes Defensive
Center Left Wing Right Wing Defense Defense
Derek Roy Erik Haula Alexander Frolov Shea Weber Tyler Myers
Goaltenders
Starting : Kari Lehtonen
Backup : Jacob Markstrom
Extra Forwards
Normal : Derek Roy, Benoit Pouliot, Dustin Brown - PP : Derek Roy, Benoit Pouliot - PK : Dustin Brown
Extra Defensemen
Normal : Shea Weber, Tyler Myers, Marco Scandella - PP : Shea Weber - PK : Anton Volchenkov, Tyler Myers
Penalty Shots
Derek Roy, Benoit Pouliot, Dustin Brown, Derek Stepan, Erik Haula
Scratches
Fredrik Sjostrom (Healthy), Kevin Klein (Healthy), Michael Rupp (Healthy), Tomas Kundratek (Healthy)
Red Wings
5 vs 5 Forward
Center Left Wing Right Wing Time % Phy DF OF
1 Mike Richards Sean Bergenheim Rick Nash 36 0 2 3
2 Tyler Johnson Adam Henrique Phil Kessel 36 0 2 3
3 Chris Kelly Alex Picard Nino Niederreiter 20 0 3 2
4 Nate Thompson Oleg Saprykin Ales Hemsky 8 1 2 2
5 vs 5 Defense
Defense Defense Time % Phy DF OF
1 Brent Seabrook Jiri Fischer 35 0 3 2
2 Philip Samuelsson Ole-Kristian Tollefsen 35 0 3 2
3 Filip Kuba Theo Peckham 20 0 3 2
4 Filip Kuba Theo Peckham 10 0 3 2
PowerPlay Forward
Center Left Wing Right Wing Time % Phy DF OF
1 Rick Nash Sean Bergenheim Mike Richards 60 0 1 4
2 Tyler Johnson Adam Henrique Phil Kessel 40 0 1 4
PowerPlay Defense
Defense Defense Time % Phy DF OF
1 Ole-Kristian Tollefsen Brent Seabrook 60 0 2 3
2 Jiri Fischer Philip Samuelsson 40 0 2 3
Penalty Kill 4 Players Forward
Center Wing Time % Phy DF OF
1 Tyler Johnson Oleg Saprykin 50 1 2 2
2 Rick Nash Nino Niederreiter 50 1 2 2
Penalty Kill 4 Players Defense
Defense Defense Time % Phy DF OF
1 Brent Seabrook Filip Kuba 50 1 2 2
2 Jiri Fischer Ole-Kristian Tollefsen 50 1 2 2
Penalty Kill - 3 Players Forward
Forward Time % Phy DF OF
1 Nino Niederreiter 60 1 2 2
2 Tyler Johnson 40 1 2 2
Penalty Kill - 3 Players Defense
Defense Defense Time % Phy DF OF
1 Filip Kuba Brent Seabrook 50 1 2 2
2 Jiri Fischer Ole-Kristian Tollefsen 50 1 2 2
4 vs 4 Forward
Center Wing Time % Phy DF OF
1 Mike Richards Rick Nash 60 1 2 2
2 Tyler Johnson Phil Kessel 40 1 2 2
4 vs 4 Defense
Defense Defense Time % Phy DF OF
1 Brent Seabrook Jiri Fischer 60 1 2 2
2 Ole-Kristian Tollefsen Philip Samuelsson 40 1 2 2
Last Minutes Offensive
Center Left Wing Right Wing Defense Defense
Mike Richards Rick Nash Phil Kessel Brent Seabrook Ole-Kristian Tollefsen
Last Minutes Defensive
Center Left Wing Right Wing Defense Defense
Tyler Johnson Sean Bergenheim Rick Nash Jiri Fischer Filip Kuba
Goaltenders
Starting : Michal Neuvirth
Backup : Ilya Bryzgalov
Extra Forwards
Normal : Rick Nash, Tyler Johnson, Nino Niederreiter - PP : Nino Niederreiter, Chris Kelly - PK : Sean Bergenheim
Extra Defensemen
Normal : Brent Seabrook, Ole-Kristian Tollefsen, Philip Samuelsson - PP : Filip Kuba - PK : Philip Samuelsson, Theo Peckham
Penalty Shots
Rick Nash, Mike Richards, Phil Kessel, Brent Seabrook, Sean Bergenheim
Scratches
Brendan Bell (Healthy)
% Time on Ice - Jets
Lines # - Real PCT - Wanted PCT - Time Play
Normal Forward
1 - 34% - 35% - 15:33
2 - 31% - 30% - 14:33
3 - 24% - 23% - 10:56
4 - 11% - 12% - 5:12
Normal Defense
1 - 38% - 40% - 17:29
2 - 32% - 30% - 14:55
3 - 30% - 25% - 13:50
4 - 0% - 5% - 0:00
PP Forward
1 - 59% - 60% - 1:10
2 - 41% - 40% - 0:49
PP Defense
1 - 69% - 60% - 1:22
2 - 31% - 40% - 0:37
PK Forward
1 - 75% - 60% - 8:06
2 - 25% - 40% - 2:40
PK Defense
1 - 66% - 60% - 7:09
2 - 34% - 40% - 3:37
PK3 Forward
1 - 0% - 60%
2 - 0% - 40%
PK3 Defense
1 - 0% - 60%
2 - 0% - 40%
44 Forward
1 - 0% - 60%
2 - 0% - 40%
44 Defense
1 - 0% - 60%
2 - 0% - 40%
Last Minute Offensive - 0:00
Last Minute Defensive - 1:01
Total
Forward - 60:00
Defense - 60:00
|
% Time on Ice - Red Wings
Lines # - Real PCT - Wanted PCT - Time Play
Normal Forward
1 - 32% - 36% - 14:44
2 - 36% - 36% - 16:24
3 - 17% - 20% - 7:56
4 - 15% - 8% - 6:58
Normal Defense
1 - 35% - 35% - 16:11
2 - 37% - 35% - 16:57
3 - 20% - 20% - 9:23
4 - 8% - 10% - 3:31
PP Forward
1 - 58% - 60% - 6:15
2 - 42% - 40% - 4:31
PP Defense
1 - 68% - 60% - 7:18
2 - 32% - 40% - 3:28
PK Forward
1 - 56% - 50% - 1:07
2 - 44% - 50% - 0:52
PK Defense
1 - 55% - 50% - 1:06
2 - 45% - 50% - 0:53
PK3 Forward
1 - 0% - 60%
2 - 0% - 40%
PK3 Defense
1 - 0% - 50%
2 - 0% - 50%
44 Forward
1 - 0% - 60%
2 - 0% - 40%
44 Defense
1 - 0% - 60%
2 - 0% - 40%
Last Minute Offensive - 1:13
Last Minute Defensive - 0:00
Total
Forward - 60:00
Defense - 60:00
|
Play by Play
1st period
0:01 of 1st period - Mike Richards wins face-off versus Derek Roy in neutral zone.
0:12 of 1st period - Wrist shot by Mike Richards.
0:12 of 1st period - Stopped by Kari Lehtonen with a rebound.
0:14 of 1st period - Wrist shot by Mike Richards.
0:14 of 1st period - Stopped by Kari Lehtonen without a rebound.
0:15 of 1st period - Derek Stepan wins face-off versus Tyler Johnson in Jets zone.
0:22 of 1st period - Snap shot by Devin Setoguchi.
0:22 of 1st period - Goal by Devin Setoguchi - Jets : 1 - Red Wings : 0.
0:23 of 1st period - Joe Colborne wins face-off versus Nino Niederreiter in neutral zone.
0:26 of 1st period - Filip Kuba is hit by Anton Volchenkov and loses puck.
0:31 of 1st period - Slapshot by Marcus Johansson.
0:31 of 1st period - Stopped by Michal Neuvirth with a rebound.
0:59 of 1st period - Snap shot by Ales Hemsky.
0:59 of 1st period - Deflect By Joe Colborne.
0:59 of 1st period - Stopped by Kari Lehtonen with a rebound.
1:21 of 1st period - Justin Falk is hit by Phil Kessel and loses puck.
1:36 of 1st period - Snap shot by Dustin Brown.
1:36 of 1st period - Shot Blocked by Jiri Fischer.
1:38 of 1st period - Slapshot by Justin Falk.
1:38 of 1st period - Stopped by Michal Neuvirth without a rebound.
1:39 of 1st period - Mike Richards wins face-off versus James Wright in Red Wings zone.
1:51 of 1st period - Off-side.
1:52 of 1st period - Tyler Johnson wins face-off versus Derek Roy in neutral zone.
2:09 of 1st period - Wrist shot by Tyler Johnson.
2:09 of 1st period - Shot Misses the Net.
2:11 of 1st period - Minor Penalty to Derek Roy for Hooking.
2:12 of 1st period - Rick Nash wins face-off versus Erik Haula in Jets zone.
2:13 of 1st period - Wrist shot by Mike Richards.
2:13 of 1st period - Stopped by Kari Lehtonen without a rebound.
2:14 of 1st period - Erik Haula wins face-off versus Rick Nash in Jets zone.
2:14 of 1st period - Erik Haula is hit by Ole-Kristian Tollefsen.
2:28 of 1st period - Snap shot by Mike Richards.
2:28 of 1st period - Goal by Mike Richards - Jets : 1 - Red Wings : 1.
2:29 of 1st period - Mike Richards wins face-off versus Derek Stepan in neutral zone.
2:58 of 1st period - Wrist shot by Sean Bergenheim.
2:58 of 1st period - Stopped by Kari Lehtonen with a rebound.
3:19 of 1st period - Icing by Filip Kuba.
3:20 of 1st period - Tyler Johnson wins face-off versus James Wright in Red Wings zone.
3:33 of 1st period - Slapshot by Phil Kessel.
3:33 of 1st period - Stopped by Kari Lehtonen with a rebound.
3:35 of 1st period - Wrist shot by Tyler Johnson.
3:35 of 1st period - Stopped by Kari Lehtonen without a rebound.
3:36 of 1st period - Rick Nash wins face-off versus Derek Stepan in Jets zone.
3:37 of 1st period - Snap shot by Sean Bergenheim.
3:37 of 1st period - Shot Misses the Net.
3:39 of 1st period - Snap shot by Ole-Kristian Tollefsen.
3:39 of 1st period - Shot Misses the Net.
3:43 of 1st period - Backhand shot by Sean Bergenheim.
3:43 of 1st period - Stopped by Kari Lehtonen without a rebound.
3:44 of 1st period - Mike Richards wins face-off versus Derek Stepan in Jets zone.
4:07 of 1st period - Wrist shot by Dustin Brown.
4:07 of 1st period - Stopped by Michal Neuvirth without a rebound.
4:08 of 1st period - Tyler Johnson wins face-off versus Derek Roy in Red Wings zone.
4:35 of 1st period - Brent Seabrook is hit by Joe Colborne and loses puck.
5:39 of 1st period - Minor Penalty to Alexander Frolov for Delaying the game.
5:40 of 1st period - Rick Nash wins face-off versus Erik Haula in Jets zone.
5:45 of 1st period - Snap shot by Rick Nash.
5:45 of 1st period - Stopped by Kari Lehtonen without a rebound.
5:46 of 1st period - Erik Haula wins face-off versus Rick Nash in Jets zone.
6:15 of 1st period - Tyler Myers is hit by Brent Seabrook and loses puck.
7:39 of 1st period - Penalty to Alexander Frolov is over, Alexander Frolov is back on ice.
7:51 of 1st period - Anton Volchenkov is hit by Nino Niederreiter and loses puck.
8:02 of 1st period - Devin Setoguchi is hit by Nino Niederreiter and loses puck.
8:23 of 1st period - Wrist shot by Marcus Johansson.
8:23 of 1st period - Stopped by Michal Neuvirth with a rebound.
8:56 of 1st period - Snap shot by Benoit Pouliot.
8:56 of 1st period - Shot Misses the Net.
9:10 of 1st period - Snap shot by Alexander Frolov.
9:10 of 1st period - Stopped by Michal Neuvirth without a rebound.
9:11 of 1st period - Nate Thompson wins face-off versus Derek Stepan in Red Wings zone.
9:32 of 1st period - Snap shot by Lee Stempniak.
9:32 of 1st period - Stopped by Michal Neuvirth without a rebound.
9:33 of 1st period - Joe Colborne wins face-off versus Mike Richards in Red Wings zone.
9:40 of 1st period - Slapshot by Lee Stempniak.
9:40 of 1st period - Shot Misses the Net.
10:00 of 1st period - Wrist shot by Rick Nash.
10:00 of 1st period - Shot Blocked by Eric Gelinas.
10:02 of 1st period - Snap shot by Mike Richards.
10:02 of 1st period - Shot Misses the Net.
10:12 of 1st period - Snap shot by Eric Gelinas.
10:12 of 1st period - Stopped by Michal Neuvirth without a rebound.
10:13 of 1st period - Derek Roy wins face-off versus Tyler Johnson in Red Wings zone.
11:02 of 1st period - Slapshot by Ales Hemsky.
11:02 of 1st period - Stopped by Kari Lehtonen without a rebound.
11:03 of 1st period - Nate Thompson wins face-off versus Derek Stepan in Jets zone.
11:04 of 1st period - Snap shot by Ales Hemsky.
11:04 of 1st period - Stopped by Kari Lehtonen with a rebound.
11:06 of 1st period - Snap shot by Ales Hemsky.
11:06 of 1st period - Stopped by Kari Lehtonen with a rebound.
11:08 of 1st period - Slapshot by Jiri Fischer.
11:08 of 1st period - Shot Misses the Net.
11:10 of 1st period - Slapshot by Oleg Saprykin.
11:10 of 1st period - Shot Misses the Net.
11:19 of 1st period - Icing by Marco Scandella.
11:20 of 1st period - Phil Kessel wins face-off versus Alexander Frolov in Jets zone.
11:27 of 1st period - Alexander Frolov is hit by Jiri Fischer and loses puck.
11:55 of 1st period - Wrist shot by Sean Bergenheim.
11:55 of 1st period - Shot Blocked by Benoit Pouliot.
11:57 of 1st period - Wrist shot by Sean Bergenheim.
11:57 of 1st period - Stopped by Kari Lehtonen without a rebound.
11:58 of 1st period - Tyler Johnson wins face-off versus Joe Colborne in Jets zone.
12:25 of 1st period - Ole-Kristian Tollefsen is hit by Shea Weber and loses puck.
12:34 of 1st period - Slapshot by Dustin Brown.
12:34 of 1st period - Stopped by Michal Neuvirth with a rebound.
12:36 of 1st period - Slapshot by Justin Falk.
12:36 of 1st period - Stopped by Michal Neuvirth without a rebound.
12:37 of 1st period - Phil Kessel wins face-off versus Derek Roy in Red Wings zone.
13:11 of 1st period - Wrist shot by Alex Picard.
13:11 of 1st period - Shot Misses the Net.
13:53 of 1st period - Snap shot by Ales Hemsky.
13:53 of 1st period - Shot Misses the Net.
13:57 of 1st period - Slapshot by Nate Thompson.
13:57 of 1st period - Shot Misses the Net.
14:35 of 1st period - Wrist shot by Chris Kelly.
14:35 of 1st period - Shot Blocked by Joe Colborne.
14:37 of 1st period - Snap shot by Alex Picard.
14:37 of 1st period - Shot Misses the Net.
14:39 of 1st period - Slapshot by Filip Kuba.
14:39 of 1st period - Shot Blocked by Shea Weber.
14:55 of 1st period - Slapshot by Marcus Johansson.
14:55 of 1st period - Goal by Marcus Johansson - Jets : 2 - Red Wings : 1.
14:56 of 1st period - Derek Roy wins face-off versus Tyler Johnson in neutral zone.
14:58 of 1st period - Off-side.
14:59 of 1st period - Derek Roy wins face-off versus Tyler Johnson in neutral zone.
15:07 of 1st period - Wrist shot by Derek Roy.
15:07 of 1st period - Shot Misses the Net.
15:37 of 1st period - Wrist shot by Rick Nash.
15:37 of 1st period - Stopped by Kari Lehtonen with a rebound.
17:02 of 1st period - Alexander Frolov is hit by Filip Kuba.
17:22 of 1st period - Slapshot by Shea Weber.
17:22 of 1st period - Stopped by Michal Neuvirth with a rebound.
17:24 of 1st period - Snap shot by Joe Colborne.
17:24 of 1st period - Shot Misses the Net.
17:55 of 1st period - Icing by Justin Falk.
17:56 of 1st period - Nate Thompson wins face-off versus James Wright in Jets zone.
17:59 of 1st period - Snap shot by Nate Thompson.
17:59 of 1st period - Stopped by Kari Lehtonen without a rebound.
18:00 of 1st period - Nate Thompson wins face-off versus James Wright in Jets zone.
18:27 of 1st period - Snap shot by Nate Thompson.
18:27 of 1st period - Deflect By Tyler Johnson.
18:27 of 1st period - Shot Hit the Post.
18:27 of 1st period - Puck is out of play.
18:28 of 1st period - Tyler Johnson wins face-off versus Derek Roy in Jets zone.
18:29 of 1st period - Slapshot by Adam Henrique.
18:29 of 1st period - Shot Blocked by Dustin Brown.
18:40 of 1st period - Minor Penalty to Benoit Pouliot for Hooking.
18:41 of 1st period - Erik Haula wins face-off versus Rick Nash in Jets zone.
18:55 of 1st period - Slapshot by Sean Bergenheim.
18:55 of 1st period - Stopped by Kari Lehtonen without a rebound.
18:56 of 1st period - Rick Nash wins face-off versus Erik Haula in Jets zone.
18:59 of 1st period - Snap shot by Sean Bergenheim.
18:59 of 1st period - Shot Blocked by Erik Haula.
19:01 of 1st period - Snap shot by Ole-Kristian Tollefsen.
19:01 of 1st period - Deflect By Alexander Frolov.
19:01 of 1st period - Stopped by Kari Lehtonen without a rebound.
19:02 of 1st period - Rick Nash wins face-off versus Erik Haula in Jets zone.
19:11 of 1st period - Slapshot by Sean Bergenheim.
19:11 of 1st period - Shot Misses the Net.
19:19 of 1st period - Wrist shot by Mike Richards.
19:19 of 1st period - Shot Blocked by Marco Scandella.
Goals for this period are 2 for Jets vs 1 for Red Wings.
Shots for this period are 12 for Jets vs 18 for Red Wings.
2nd period
0:01 of 2nd period - Erik Haula wins face-off versus Rick Nash in neutral zone.
0:12 of 2nd period - Erik Haula is hit by Mike Richards.
0:31 of 2nd period - Tyler Myers is hit by Ole-Kristian Tollefsen.
0:36 of 2nd period - Off-side.
0:37 of 2nd period - Sean Bergenheim wins face-off versus Erik Haula in neutral zone.
0:40 of 2nd period - Penalty to Benoit Pouliot is over, Benoit Pouliot is back on ice.
1:08 of 2nd period - Tyler Johnson is hit by Anton Volchenkov and loses puck.
1:25 of 2nd period - Eric Gelinas is hit by Nino Niederreiter and loses puck.
1:34 of 2nd period - Snap shot by Chris Kelly.
1:34 of 2nd period - Shot Blocked by Tyler Myers.
1:36 of 2nd period - Slapshot by Nino Niederreiter.
1:36 of 2nd period - Shot Misses the Net.
1:50 of 2nd period - Wrist shot by Derek Stepan.
1:50 of 2nd period - Deflect By Filip Kuba.
1:50 of 2nd period - Shot Blocked by Theo Peckham.
1:50 of 2nd period - Puck is out of play.
1:51 of 2nd period - Nate Thompson wins face-off versus Derek Stepan in Red Wings zone.
2:21 of 2nd period - Shea Weber is hit by Theo Peckham and loses puck.
2:40 of 2nd period - Snap shot by Phil Kessel.
2:40 of 2nd period - Stopped by Kari Lehtonen with a rebound.
2:42 of 2nd period - Wrist shot by Tyler Johnson.
2:42 of 2nd period - Stopped by Kari Lehtonen without a rebound.
2:43 of 2nd period - Derek Roy wins face-off versus Tyler Johnson in Jets zone.
3:17 of 2nd period - Wrist shot by Sean Bergenheim.
3:17 of 2nd period - Stopped by Kari Lehtonen without a rebound.
3:18 of 2nd period - Derek Stepan wins face-off versus Mike Richards in Jets zone.
3:47 of 2nd period - Slapshot by Joe Colborne.
3:47 of 2nd period - Shot Misses the Net.
4:17 of 2nd period - Dustin Brown is hit by Philip Samuelsson and loses puck.
5:06 of 2nd period - Snap shot by Devin Setoguchi.
5:06 of 2nd period - Shot Misses the Net.
5:20 of 2nd period - Snap shot by Devin Setoguchi.
5:20 of 2nd period - Shot Misses the Net.
5:22 of 2nd period - Slapshot by Tyler Myers.
5:22 of 2nd period - Stopped by Michal Neuvirth with a rebound.
5:24 of 2nd period - Slapshot by Tyler Myers.
5:24 of 2nd period - Deflect By Devin Setoguchi.
5:24 of 2nd period - Shot Misses the Net.
5:24 of 2nd period - Puck is out of play.
5:25 of 2nd period - Tyler Johnson wins face-off versus Derek Roy in Red Wings zone.
5:30 of 2nd period - Dustin Brown is hit by Tyler Johnson and loses puck.
6:41 of 2nd period - Wrist shot by James Wright.
6:41 of 2nd period - Stopped by Michal Neuvirth with a rebound.
6:43 of 2nd period - Slapshot by Shea Weber.
6:43 of 2nd period - Stopped by Michal Neuvirth with a rebound.
6:45 of 2nd period - Wrist shot by Erik Haula.
6:45 of 2nd period - Shot Misses the Net.
7:01 of 2nd period - Slapshot by Brent Seabrook.
7:01 of 2nd period - Shot Blocked by Joe Colborne.
7:03 of 2nd period - Backhand shot by Chris Kelly.
7:03 of 2nd period - Stopped by Kari Lehtonen with a rebound.
7:13 of 2nd period - Ole-Kristian Tollefsen is hit by Anton Volchenkov and loses puck.
7:26 of 2nd period - Oleg Saprykin is hit by Devin Setoguchi and loses puck.
7:48 of 2nd period - Snap shot by Josh Bailey.
7:48 of 2nd period - Goal by Josh Bailey - Jets : 3 - Red Wings : 1.
7:49 of 2nd period - Mike Richards wins face-off versus Derek Roy in neutral zone.
8:21 of 2nd period - Snap shot by Devin Setoguchi.
8:21 of 2nd period - Shot Misses the Net.
8:23 of 2nd period - Slapshot by Tyler Myers.
8:23 of 2nd period - Shot Blocked by Filip Kuba.
8:25 of 2nd period - Snap shot by Alexander Frolov.
8:25 of 2nd period - Stopped by Michal Neuvirth without a rebound.
8:26 of 2nd period - Mike Richards wins face-off versus Derek Stepan in Red Wings zone.
8:52 of 2nd period - Filip Kuba is hit by Derek Roy and loses puck.
9:55 of 2nd period - Slapshot by Phil Kessel.
9:55 of 2nd period - Goal by Phil Kessel - Jets : 3 - Red Wings : 2.
9:56 of 2nd period - Tyler Johnson wins face-off versus Derek Roy in neutral zone.
10:01 of 2nd period - Snap shot by Phil Kessel.
10:01 of 2nd period - Stopped by Kari Lehtonen with a rebound.
10:09 of 2nd period - Snap shot by Benoit Pouliot.
10:09 of 2nd period - Shot Misses the Net.
10:11 of 2nd period - Slapshot by Anton Volchenkov.
10:11 of 2nd period - Stopped by Michal Neuvirth without a rebound.
10:12 of 2nd period - Mike Richards wins face-off versus Devin Setoguchi in Red Wings zone.
10:12 of 2nd period - Mike Richards is hit by Anton Volchenkov.
10:49 of 2nd period - Backhand shot by Dustin Brown.
10:49 of 2nd period - Stopped by Michal Neuvirth with a rebound.
11:11 of 2nd period - Ole-Kristian Tollefsen is hit by Lee Stempniak and loses puck.
11:26 of 2nd period - Slapshot by Derek Stepan.
11:26 of 2nd period - Stopped by Michal Neuvirth without a rebound.
11:27 of 2nd period - Derek Stepan wins face-off versus Mike Richards in Red Wings zone.
12:06 of 2nd period - Wrist shot by Derek Stepan.
12:06 of 2nd period - Shot Blocked by Tyler Johnson.
12:08 of 2nd period - Snap shot by Devin Setoguchi.
12:08 of 2nd period - Shot Misses the Net.
12:10 of 2nd period - Snap shot by Alexander Frolov.
12:10 of 2nd period - Shot Misses the Net.
12:20 of 2nd period - Wrist shot by Devin Setoguchi.
12:20 of 2nd period - Stopped by Michal Neuvirth with a rebound.
12:24 of 2nd period - Snap shot by Alexander Frolov.
12:24 of 2nd period - Shot Blocked by Brent Seabrook.
12:26 of 2nd period - Slapshot by Shea Weber.
12:26 of 2nd period - Stopped by Michal Neuvirth with a rebound.
12:28 of 2nd period - Snap shot by Devin Setoguchi.
12:28 of 2nd period - Goal by Devin Setoguchi - Jets : 4 - Red Wings : 2.
12:29 of 2nd period - Derek Roy wins face-off versus Mike Richards in neutral zone.
12:32 of 2nd period - Backhand shot by Dustin Brown.
12:32 of 2nd period - Shot Misses the Net.
12:56 of 2nd period - Snap shot by Marcus Johansson.
12:56 of 2nd period - Stopped by Michal Neuvirth with a rebound.
12:58 of 2nd period - Slapshot by Tyler Myers.
12:58 of 2nd period - Stopped by Michal Neuvirth without a rebound.
12:59 of 2nd period - Joe Colborne wins face-off versus Tyler Johnson in Red Wings zone.
14:06 of 2nd period - Wrist shot by Lee Stempniak.
14:06 of 2nd period - Shot Misses the Net.
14:08 of 2nd period - Wrist shot by Joe Colborne.
14:08 of 2nd period - Shot Blocked by Brent Seabrook.
14:10 of 2nd period - Slapshot by Tyler Myers.
14:10 of 2nd period - Deflect By Marcus Johansson.
14:10 of 2nd period - Shot Misses the Net.
14:10 of 2nd period - Puck is out of play.
14:11 of 2nd period - Mike Richards wins face-off versus Derek Roy in Red Wings zone.
14:18 of 2nd period - Dustin Brown is hit by Mike Richards and loses puck.
14:23 of 2nd period - Slapshot by Mike Richards.
14:23 of 2nd period - Shot Misses the Net.
14:25 of 2nd period - Wrist shot by Sean Bergenheim.
14:25 of 2nd period - Stopped by Kari Lehtonen with a rebound.
14:42 of 2nd period - Slapshot by Ole-Kristian Tollefsen.
14:42 of 2nd period - Shot Misses the Net.
14:44 of 2nd period - Snap shot by Philip Samuelsson.
14:44 of 2nd period - Shot Blocked by Marco Scandella.
14:46 of 2nd period - Slapshot by Nino Niederreiter.
14:46 of 2nd period - Shot Blocked by Alexander Frolov.
14:56 of 2nd period - Snap shot by Erik Haula.
14:56 of 2nd period - Shot Blocked by Ole-Kristian Tollefsen.
14:58 of 2nd period - Slapshot by Marco Scandella.
14:58 of 2nd period - Stopped by Michal Neuvirth without a rebound.
14:59 of 2nd period - James Wright wins face-off versus Nate Thompson in Red Wings zone.
15:00 of 2nd period - Snap shot by Erik Haula.
15:00 of 2nd period - Shot Misses the Net.
15:22 of 2nd period - Wrist shot by Ales Hemsky.
15:22 of 2nd period - Deflect By Erik Haula.
15:22 of 2nd period - Shot Misses the Net.
15:22 of 2nd period - Puck is out of play.
15:23 of 2nd period - Mike Richards wins face-off versus Derek Roy in Jets zone.
15:46 of 2nd period - Minor Penalty to Derek Roy for Holding Stick.
15:47 of 2nd period - Rick Nash wins face-off versus Erik Haula in Jets zone.
16:25 of 2nd period - Wrist shot by Ole-Kristian Tollefsen.
16:25 of 2nd period - Shot Misses the Net.
16:41 of 2nd period - Mike Richards is hit by Anton Volchenkov and loses puck.
17:46 of 2nd period - Penalty to Derek Roy is over, Derek Roy is back on ice.
18:05 of 2nd period - Theo Peckham is hit by Benoit Pouliot and loses puck.
18:30 of 2nd period - Slapshot by Lee Stempniak.
18:30 of 2nd period - Shot Misses the Net.
18:59 of 2nd period - Tyler Johnson is hit by Tyler Myers and loses puck.
19:14 of 2nd period - Alex Picard is hit by Justin Falk and loses puck.
19:34 of 2nd period - Icing by Derek Roy.
19:35 of 2nd period - Mike Richards wins face-off versus Dustin Brown in Jets zone.
Goals for this period are 2 for Jets vs 1 for Red Wings.
Shots for this period are 14 for Jets vs 7 for Red Wings.
3rd period
0:01 of 3rd period - Derek Roy wins face-off versus Mike Richards in neutral zone.
0:06 of 3rd period - Shea Weber is hit by Sean Bergenheim and loses puck.
0:23 of 3rd period - Rick Nash is hit by Derek Roy and loses puck.
0:42 of 3rd period - Snap shot by Benoit Pouliot.
0:42 of 3rd period - Stopped by Michal Neuvirth with a rebound.
0:44 of 3rd period - Wrist shot by Benoit Pouliot.
0:44 of 3rd period - Stopped by Michal Neuvirth without a rebound.
0:45 of 3rd period - Tyler Johnson wins face-off versus Derek Stepan in Red Wings zone.
0:45 of 3rd period - Tyler Johnson is hit by Alexander Frolov.
0:54 of 3rd period - Minor Penalty to Devin Setoguchi for Holding.
0:55 of 3rd period - Sean Bergenheim wins face-off versus Erik Haula in Jets zone.
0:55 of 3rd period - Snap shot by Mike Richards.
0:55 of 3rd period - Shot Misses the Net.
1:05 of 3rd period - Slapshot by Ole-Kristian Tollefsen.
1:05 of 3rd period - Shot Blocked by Marco Scandella.
1:07 of 3rd period - Slapshot by Ole-Kristian Tollefsen.
1:07 of 3rd period - Stopped by Kari Lehtonen with a rebound.
1:09 of 3rd period - Snap shot by Mike Richards.
1:09 of 3rd period - Shot Misses the Net.
1:21 of 3rd period - Alexander Frolov is hit by Adam Henrique and loses puck.
1:28 of 3rd period - Slapshot by Tyler Johnson.
1:28 of 3rd period - Goal by Tyler Johnson - Jets : 4 - Red Wings : 3.
1:29 of 3rd period - Mike Richards wins face-off versus Derek Roy in neutral zone.
1:34 of 3rd period - Icing by Marco Scandella.
1:35 of 3rd period - Mike Richards wins face-off versus Derek Roy in Jets zone.
1:40 of 3rd period - Snap shot by Mike Richards.
1:40 of 3rd period - Shot Misses the Net.
1:42 of 3rd period - Slapshot by Brent Seabrook.
1:42 of 3rd period - Stopped by Kari Lehtonen with a rebound.
1:46 of 3rd period - Wrist shot by Brent Seabrook.
1:46 of 3rd period - Stopped by Kari Lehtonen with a rebound.
1:48 of 3rd period - Wrist shot by Brent Seabrook.
1:48 of 3rd period - Shot Misses the Net.
1:50 of 3rd period - Slapshot by Jiri Fischer.
1:50 of 3rd period - Stopped by Kari Lehtonen with a rebound.
2:09 of 3rd period - Wrist shot by Alex Picard.
2:09 of 3rd period - Stopped by Kari Lehtonen with a rebound.
2:11 of 3rd period - Snap shot by Brent Seabrook.
2:11 of 3rd period - Stopped by Kari Lehtonen with a rebound.
2:13 of 3rd period - Slapshot by Brent Seabrook.
2:13 of 3rd period - Stopped by Kari Lehtonen with a rebound.
2:15 of 3rd period - Wrist shot by Alex Picard.
2:15 of 3rd period - Stopped by Kari Lehtonen without a rebound.
2:16 of 3rd period - Derek Stepan wins face-off versus Tyler Johnson in Jets zone.
2:25 of 3rd period - Snap shot by Phil Kessel.
2:25 of 3rd period - Stopped by Kari Lehtonen without a rebound.
2:26 of 3rd period - Derek Stepan wins face-off versus Tyler Johnson in Jets zone.
3:08 of 3rd period - Minor Penalty to Anton Volchenkov for Tripping.
3:09 of 3rd period - Erik Haula wins face-off versus Rick Nash in Jets zone.
4:12 of 3rd period - Philip Samuelsson is hit by Eric Gelinas and loses puck.
5:08 of 3rd period - Penalty to Anton Volchenkov is over, Anton Volchenkov is back on ice.
5:22 of 3rd period - Wrist shot by Joe Colborne.
5:22 of 3rd period - Stopped by Michal Neuvirth without a rebound.
5:23 of 3rd period - Joe Colborne wins face-off versus Chris Kelly in Red Wings zone.
5:33 of 3rd period - Minor Penalty to Theo Peckham for Hooking.
5:34 of 3rd period - Derek Roy wins face-off versus Tyler Johnson in Red Wings zone.
5:42 of 3rd period - Slapshot by Benoit Pouliot.
5:42 of 3rd period - Stopped by Michal Neuvirth with a rebound.
5:44 of 3rd period - Snap shot by Dustin Brown.
5:44 of 3rd period - Shot Blocked by Filip Kuba.
5:50 of 3rd period - Snap shot by Benoit Pouliot.
5:50 of 3rd period - Stopped by Michal Neuvirth without a rebound.
5:51 of 3rd period - Rick Nash wins face-off versus Derek Roy in Red Wings zone.
6:16 of 3rd period - Alexander Frolov is hit by Jiri Fischer.
7:16 of 3rd period - Rick Nash is hit by Alexander Frolov and loses puck.
7:33 of 3rd period - Penalty to Theo Peckham is over, Theo Peckham is back on ice.
8:29 of 3rd period - Snap shot by Rick Nash.
8:29 of 3rd period - Stopped by Kari Lehtonen with a rebound.
8:46 of 3rd period - Tyler Johnson is hit by James Wright and loses puck.
9:17 of 3rd period - Icing by Mike Richards.
9:18 of 3rd period - Mike Richards wins face-off versus Derek Roy in Red Wings zone.
9:27 of 3rd period - Wrist shot by Dustin Brown.
9:27 of 3rd period - Stopped by Michal Neuvirth without a rebound.
9:28 of 3rd period - Phil Kessel wins face-off versus Derek Roy in Red Wings zone.
9:28 of 3rd period - Adam Henrique is hit by Benoit Pouliot and loses puck.
10:32 of 3rd period - Rick Nash is hit by Lee Stempniak and loses puck.
10:49 of 3rd period - Snap shot by Joe Colborne.
10:49 of 3rd period - Goal by Joe Colborne - Jets : 5 - Red Wings : 3.
10:50 of 3rd period - Tyler Johnson wins face-off versus Derek Roy in neutral zone.
11:07 of 3rd period - Benoit Pouliot is hit by Brent Seabrook and loses puck.
11:26 of 3rd period - Slapshot by Brent Seabrook.
11:26 of 3rd period - Stopped by Kari Lehtonen without a rebound.
11:27 of 3rd period - Mike Richards wins face-off versus Derek Stepan in Jets zone.
11:59 of 3rd period - Dustin Brown is hit by Tyler Johnson and loses puck.
12:16 of 3rd period - Wrist shot by Ales Hemsky.
12:16 of 3rd period - Shot Blocked by Shea Weber.
12:18 of 3rd period - Slapshot by Filip Kuba.
12:18 of 3rd period - Shot Blocked by Marco Scandella.
12:20 of 3rd period - Slapshot by Filip Kuba.
12:20 of 3rd period - Stopped by Kari Lehtonen with a rebound.
12:22 of 3rd period - Wrist shot by Oleg Saprykin.
12:22 of 3rd period - Goal by Oleg Saprykin - Jets : 5 - Red Wings : 4.
12:23 of 3rd period - Mike Richards wins face-off versus Derek Roy in neutral zone.
12:34 of 3rd period - Slapshot by Derek Roy.
12:34 of 3rd period - Deflect By Mike Richards.
12:34 of 3rd period - Shot Misses the Net.
12:34 of 3rd period - Puck is out of play.
12:35 of 3rd period - Derek Roy wins face-off versus Mike Richards in Red Wings zone.
12:36 of 3rd period - Snap shot by Benoit Pouliot.
12:36 of 3rd period - Shot Misses the Net.
13:50 of 3rd period - Snap shot by Derek Stepan.
13:50 of 3rd period - Shot Misses the Net.
14:08 of 3rd period - Wrist shot by Derek Stepan.
14:08 of 3rd period - Shot Misses the Net.
14:10 of 3rd period - Wrist shot by Devin Setoguchi.
14:10 of 3rd period - Stopped by Michal Neuvirth without a rebound.
14:11 of 3rd period - Dustin Brown wins face-off versus Mike Richards in Red Wings zone.
14:29 of 3rd period - Minor Penalty to Benoit Pouliot for Interference.
14:30 of 3rd period - Erik Haula wins face-off versus Rick Nash in Jets zone.
14:42 of 3rd period - Erik Haula is hit by Brent Seabrook and loses puck.
16:20 of 3rd period - Alexander Frolov is hit by Philip Samuelsson and loses puck.
16:29 of 3rd period - Penalty to Benoit Pouliot is over, Benoit Pouliot is back on ice.
16:53 of 3rd period - Icing by Marco Scandella.
16:54 of 3rd period - Joe Colborne wins face-off versus Nino Niederreiter in Jets zone.
17:05 of 3rd period - Snap shot by Lee Stempniak.
17:05 of 3rd period - Shot Blocked by Ole-Kristian Tollefsen.
17:22 of 3rd period - Sean Bergenheim is hit by Dustin Brown and loses puck.
18:27 of 3rd period - Snap shot by Josh Bailey.
18:27 of 3rd period - Stopped by Michal Neuvirth with a rebound.
19:07 of 3rd period - Phil Kessel is hit by Derek Roy and loses puck.
19:26 of 3rd period - Red Wings, Michal Neuvirth is pulled from the net.
19:34 of 3rd period - Alex Picard is hit by Erik Haula and loses puck.
19:49 of 3rd period - Wrist shot by Alex Picard.
19:49 of 3rd period - Deflect By Phil Kessel.
19:49 of 3rd period - Shot Blocked by Tyler Myers.
19:49 of 3rd period - Puck is out of play.
19:50 of 3rd period - Terry Murray call a timeout for Red Wings.
19:50 of 3rd period - Derek Roy wins face-off versus Nino Niederreiter in Jets zone.
19:57 of 3rd period - Wrist shot by Erik Haula.
19:57 of 3rd period - Goal by Erik Haula - Jets : 6 - Red Wings : 4.
19:57 of 3rd period - Michal Neuvirth from Red Wings was sent back in the game.
19:58 of 3rd period - Joe Colborne wins face-off versus Chris Kelly in neutral zone.
Goals for this period are 2 for Jets vs 2 for Red Wings.
Shots for this period are 10 for Jets vs 14 for Red Wings.
Back to the Top